 Dungeon Crawl Stone Soup version 0.29-a0-393-g47a863cc1b (webtiles) character file.

Game seed: 16957008261159604629

27 zishaf the Gusty (level 3, -1/20 HPs)
             Began as a Tengu Air Elementalist on May 10, 2022.
             Slain by Natasha (5 damage)
             ... on level 2 of the Dungeon.
             The game lasted 00:02:42 (1367 turns).

zishaf the Gusty (Tengu Air Elementalist)           Turns: 1367, Time: 00:02:43

Health: -1/20      AC:  2    Str:  8    XL:     3   Next: 10%
Magic:  6/7        EV: 12    Int: 17    God:
Gold:   81         SH:  0    Dex: 14    Spells: 5/6 levels left

rFire   . . .      SeeInvis .   l - +0 dagger (venom)
rCold   . . .      Faith    .   (no shield)
rNeg    . . .      Spirit   .   a - +0 robe
rPois   .          Reflect  .   (helmet restricted)
rElec   .          Harm     .   (no cloak)
rCorr   .          Rampage  .   (no gloves)
Will    .....                   (boots unavailable)
Stlth   ++........              (no amulet)
HPRegen 0.06/turn               e - ring of wizardry
MPRegen 0.10/turn               (no ring)

@: no status effects
A: beak, talons 3
a: no special abilities


You were on level 2 of the Dungeon.
You visited 1 branch of the dungeon, and saw 2 of its levels.

You collected 81 gold pieces.

Inventory:

Hand Weapons
 l - a +0 dagger of venom (weapon)
Armour
 a - a +0 robe (worn)
Jewellery
 e - a ring of wizardry (left hand)
 g - a ring of ice
Scrolls
 d - a scroll of immolation {unknown}
 f - 5 scrolls of identify {unknown}
 h - a scroll of brand weapon {unknown}
 j - a scroll of enchant armour {unknown}
 k - a scroll of blinking {unknown}
 m - a scroll of noise {unknown}
 n - a scroll of silence {unknown}
 p - a scroll of teleportation {unknown}
Potions
 b - a potion of magic
 c - a potion of ambrosia {unknown}
 i - a potion of brilliance {unknown}
 o - a potion of curing {unknown}


   Skills:
 + Level 1.1 Fighting
 - Level 2.1 Dodging
 - Level 2.0 Stealth
 + Level 2.3 Spellcasting
 - Level 1.3 Conjurations
 * Level 4.9 Air Magic


You had 5 spell levels left.
You knew the following spells:

 Your Spells              Type           Power      Damage    Failure   Level
a - Shock                 Conj/Air       48%        1d6       2%          1

Your spell library contained the following spells:

 Spells                   Type           Power      Damage    Failure   Level
 Static Discharge         Conj/Air       12%        N/A       3%          2
 Swiftness                Air            18%        N/A       3%          3
 Airstrike                Air            9%         N/A       10%         4


Dungeon Overview and Level Annotations

Branches:
Dungeon (2/15)

Altars:

Annotations:
D:2 Natasha


Innate Abilities, Weirdness & Mutations

You have a beak for a mouth.
You have claws for feet.


Message History

f - 5 scrolls labelled URURIZ WILIJOLI (gained 1)
A rat comes into view.
The rat completely misses you.
You hit the rat. You peck the rat.
You kill the rat!
You see here a rat corpse.
o - a fuming yellow potion
p - a scroll labelled VOISET XILOR Natasha, Servant of Life and Death comes into view.
Natasha hisses angrily.
Found a scroll labelled VEXOCE ANIWIRO.
Natasha hisses.
A worm comes into view.
Natasha claws you but does no damage.
You hit Natasha.
Natasha is lightly wounded.
Natasha claws you.
You barely miss Natasha.
Natasha is lightly wounded.
Natasha casts a spell at you. You resist with significant effort.
You barely miss Natasha. Your kick misses Natasha.
Natasha is lightly wounded.
Natasha stares at you and mumbles some strange words.
The magic dart hits you!
You hit Natasha but do no damage.
Natasha is poisoned.
Natasha is lightly wounded.
Natasha misses you.
You hit Natasha.
Natasha looks even sicker.
You peck Natasha, but do no damage.
Natasha is moderately wounded.
Natasha claws you.
* * * LOW HITPOINT WARNING * * *
Casting: Shock (safe; 2% risk of failure)
Confirm with . or Enter, or press ? or * to list all spells.
Aiming: Shock (safe; 2% risk of failure)
Press: ? - help, Shift-Dir - straight line The zap hits Natasha.
Natasha is moderately wounded.
The zap misses the worm.
Natasha claws you.
You die...

#..######.#....#.##..# ##......
#..............†.....# #.....>
.....####............# #......
.....# ##.....#.##..###.##.#..#.
.....# ###.....#.##............<.
.....###.........................
.................##..##..#..#..##
..............!.........##. #..
.....#####..#...@##..#### #..
..##.#####..#...h# ## #..
.................w ...
.###.#............. .### .###.#
#.#.......... .....###
#......#...# ........
.......#...# ........ ##.#...
#.?# .###.###


You could see a worm and Natasha (very poisoned).

Vanquished Creatures
  2 ball pythons
  4 bats (D:1)
  An endoplasm (D:1)
  A giant cockroach (D:2)
  5 goblins
  4 hobgoblins
  A frilled lizard (D:1)
  2 kobolds
  5 rats (D:2)
25 creatures vanquished.

Notes
Turn   | Place    | Note
-------+----------+-------------------------------------------
     0 | D:1      | zishaf the Tengu Air Elementalist began the quest for the
                  | Orb.
     0 | D:1      | Reached XP level 1. HP: 10/10 MP: 4/4
   101 | D:1      | Found a faded altar of an unknown god.
   102 | D:1      | Noticed an eye of devastation
   104 | D:1      | Noticed an eye of devastation
   104 | D:1      | Noticed a great orb of eyes
   104 | D:1      | Noticed a floating eye
   308 | D:1      | Reached XP level 2. HP: 16/16 MP: 6/6
  1150 | D:2      | Reached skill level 1 in Fighting
  1212 | D:2      | Reached XP level 3. HP: 20/20 MP: 7/7
  1356 | D:2      | Noticed Natasha
  1367 | D:2      | Slain by Natasha

Illustrated notes

Levels and vault maps discovered:
D:1:      amcnicky_arrival_abandoned_market, layout_basic,
          hellmonk_ecumenical_altar_watching_god
D:2:      layout_basic, uniq_natasha

Skill      XL: |  1  2 |
---------------+-------+-----
Fighting       | 1 |  1.1
Dodging        | |  2.1
Stealth        | |  2.0
Spellcasting   | |  2.3
Conjurations   | |  1.3
Air Magic      | |  4.9

Action                   || total
-------------------------++-------
Melee: Dagger            ||    55
       Kick              ||    11
       Peck              ||     6
 Cast: Shock             ||     2
 Stab: Sleeping          ||     5
Armor: Robe              ||     9
Dodge: Dodged            ||    30

Table legend: (Time is in decaauts)
 A = Elapsed time spent in this place.
 B = Non-inter-level travel time spent in this place.
 C = Inter-level travel time spent in this place.
 D = Time resting spent in this place.
 E = Time spent auto-exploring this place.
 F = Levels seen in this place.
 G = Mean time per level.
                   A        B        C        D        E       F      G
               +--------+--------+--------+--------+--------+-----+--------+
         Total |   1365 |   1311 |     54 |      0 |   1038 |   2 |  682.5 |
       Dungeon |   1365 |   1311 |     54 |      0 |   1038 |   2 |  682.5 |
               +--------+--------+--------+--------+--------+-----+--------+

Top non-repeatable levels by time:
     D:1: 1091 daAuts
     D:2: 274 daAuts
